 Dungeon Crawl Stone Soup version 0.29.1-1-gd02db6906a (webtiles) character file.

Game seed: 15362720738673518044

10 H0rd4k the Insei (level 2, 0/18 HPs)
             Began as an Octopode Transmuter on Oct 20, 2022.
             Slain by a bat (1 damage)
             ... on level 1 of the Dungeon.
             The game lasted 00:00:14 (298 turns).

H0rd4k the Insei (Octopode Transmuter)               Turns: 298, Time: 00:00:14

Health: 0/18       AC:  1    Str:  9    XL:     2   Next: 20%
Magic:  5/5        EV: 13    Int: 15    God:
Gold:   9          SH:  0    Dex: 12    Spells: 4/5 levels left

rFire   . . .      SeeInvis .     - Unarmed
rCold   . . .      Faith    .   (no shield)
rNeg    . . .      Spirit   .   (helmet restricted)
rPois   .          Reflect  .   (no amulet)
rElec   .          Harm     .   (no ring)
rCorr   .          Rampage  .   (no ring)
Will    .....                   (no ring)
Stlth   ++........              (no ring)
HPRegen 0.06/turn               (no ring)
MPRegen 0.09/turn               (no ring)
                                (no ring)
                                (no ring)

@: no status effects
A: almost no armour, amphibious, 8 rings, camouflage 1, gelatinous body 1,
(nimble swimmer 1), tentacles
a: no special abilities


You were on level 1 of the Dungeon.
You visited 1 branch of the dungeon, and saw 1 of its levels.

You collected 9 gold pieces.

Inventory:

Scrolls
 c - a scroll of poison {unknown}
Potions
 a - a potion of lignification
 b - a potion of resistance {unknown}


   Skills:
 + Level 1.0 Fighting
 + Level 2.0 Dodging
 + Level 3.3 Unarmed Combat
 + Level 2.0 Spellcasting
 + Level 2.2 Transmutations


You had 4 spell levels left.
You knew the following spells:

 Your Spells              Type           Power      Damage    Failure   Level
a - Beastly Appendage     Tmut           16%        N/A       9%          1

Your spell library contained the following spells:

 Spells                   Type           Power      Damage    Failure   Level
 Wereblood                Tmut           8%         N/A       13%         2
 Spider Form              Tmut/Pois      4%         N/A       38%         3
 Ice Form                 Ice/Tmut       4%         N/A       80%         4


Dungeon Overview and Level Annotations

Branches:
Dungeon (1/15)

Altars:


Innate Abilities, Weirdness & Mutations

You cannot wear most types of armour.
You are amphibious.
You can wear up to eight rings at the same time.
Your skin changes colour to match your surroundings (Stealth+).
Your rubbery body absorbs attacks. (AC +1, EV +1)
((You are camouflaged when in or above water. (Stealth+)))
You have tentacles for arms and can constrict up to eight enemies at once.


Message History

The bat hits you but does no damage.
You barely miss the hobgoblin. Your grab misses the hobgoblin.
You squeeze the hobgoblin.
The hobgoblin is heavily wounded.
The hobgoblin barely misses you.
You tentacle-slap the hobgoblin but do no damage.
Your grab misses the hobgoblin. You squeeze the hobgoblin.
You kill the hobgoblin!
The bat closely misses you.
You closely miss the bat. Your grab misses the bat.
Your squeeze misses the bat. The bat closely misses you. x3
You miss the bat. Your grab misses the bat. The bat hits you.
The bat closely misses you.
You barely miss the bat. Your grab misses the bat. The bat misses you.
You tentacle-slap the endoplasm.
The endoplasm is heavily wounded.
The endoplasm closely misses you.
You tentacle-slap the endoplasm.
The endoplasm is severely wounded.
The endoplasm freezes you.
You are frozen.
* * * LOW HITPOINT WARNING * * *
You tentacle-slap the endoplasm.
You squeeze the endoplasm, but do no damage.
The endoplasm is almost dead.
The endoplasm barely misses you.
You tentacle-slap the endoplasm but do no damage.
The endoplasm is almost dead.
The endoplasm freezes you.
You are frozen.
* * * LOW HITPOINT WARNING * * *
You tentacle-slap the endoplasm.
You kill the endoplasm!
The bat barely misses you. The bat closely misses you.
You see here a hobgoblin corpse.
You closely miss the bat. Your grab misses the bat.
The bat hits you but does no damage. The bat closely misses you.
The bat misses you. The bat hits you.
You die...

#......#...........##
#⌠..>..#..............
########..............
#.......[.###..
#.........# #
#.........#
########.## ##†#
#####.@########
......†b.......#
#####....).....#
....#.........#
....~.........#
~...~.~#........
.~~~.~..#.......
~≈≈.~... .$...?#
_.≈.... .......


You could see a bat.

Vanquished Creatures
  2 endoplasms (D:1)
  2 hobgoblins (D:1)
  A kobold (D:1)
  2 bats (D:1)
  A frilled lizard (D:1)
  A rat (D:1)
9 creatures vanquished.

Notes
Turn   | Place    | Note
-------+----------+-------------------------------------------
     0 | D:1      | H0rd4k the Octopode Transmuter began the quest for the Orb.
     0 | D:1      | Reached XP level 1. HP: 13/13 MP: 3/3
   277 | D:1      | Found a faded altar of an unknown god.
   282 | D:1      | Reached XP level 2. HP: 11/18 MP: 5/5
   298 | D:1      | Slain by a bat

Illustrated notes

Levels and vault maps discovered:
D:1:      amcnicky_arrival_flooded_fountain, layout_rooms, serial_shops,
          nicolae_shop_hallway_plus, shapermc_ecumenical_altar_starsandcircs,
          serial_forest, infiniplex_forest_straight_2,
          infiniplex_forest_clump_medium, infiniplex_forest_straight_5,
          infiniplex_forest_straight_1, infiniplex_forest_straight_5,
          infiniplex_forest_clump_tiny, infiniplex_forest_corner_1,
          infiniplex_forest_clump_medium, infiniplex_forest_join

Action                   || total
-------------------------++-------
Melee: Unarmed           ||    27
       Constrict         ||     4
       Tentacles         ||     6
       Punch             ||     1
Armor: Skin              ||     5
Dodge: Dodged            ||    32
